 Dungeon Crawl Stone Soup version 0.32-a0-961-gd60f5e5fc7 (webtiles) character file.

Game seed: 12474844494623912492

247 dialectric the Trooper (level 5, -1/63 HPs)
             Began as a Demonspawn Fighter on Apr 17, 2024.
             Killed from afar by an orc wizard (6 damage)
             ... with a puff of flame
             ... on level 5 of the Dungeon.
             The game lasted 00:03:19 (2790 turns).

dialectric the Trooper (Demonspawn Fighter)         Turns: 2790, Time: 00:03:19

Health: -1/63      AC: 22    Str: 15 (18) XL:     5   Next: 85%
Magic:  5/5        EV:  2    Int:  6 (9)  God:
Gold:   183        SH:  0    Dex:  9 (12) Spells: 4/4 levels left

rFire   . . .        a - +0 flail
rCold   . . .        (no shield)
rNeg    . . .        b - melded +0 scale mail
rPois   +            k - melded +0 helmet
rElec   .            (cloak currently unavailable)
rCorr   .            u - melded +0 pair of gloves
SInv    .            (boots currently unavailable)
Will    .....        (no amulet)
Stlth   +            (no ring)
HPRegen 0.30/turn    (no ring)
MPRegen 0.09/turn

%: no passive effects
@: tree-form
A: stationary, stasis, torment immunity, boosted hp, (sharp scales 2)
a: no special abilities


You were on level 5 of the Dungeon.
You were a tree.
You visited 1 branch of the dungeon, and saw 5 of its levels.

You collected 183 gold pieces.

Inventory:

Hand Weapons
 a - a +0 flail (weapon)
Missiles
 e - 5 javelins (quivered)
 f - 4 poisoned darts
Armour
 b - a +0 scale mail (melded)
 c - a +0 buckler
 k - a +0 helmet (melded)
 u - a +0 pair of gloves (melded)
Jewellery
 h - a ring of flight
Talismans
 g - a maw talisman
Wands
 t - a wand of polymorph (2)
Scrolls
 j - a scroll of teleportation {unknown}
 l - 3 scrolls of identify {unknown}
 m - a scroll of amnesia {unknown}
 n - a scroll of poison {unknown}
 o - a scroll of blinking {unknown}
 q - a scroll of fog {unknown}
 r - a scroll of enchant weapon {unknown}
Potions
 d - a potion of might
 i - a potion of cancellation {unknown}
 p - a potion of lignification
 s - a potion of degeneration


   Skills:
 + Level 4.2 Fighting
 + Level 3.2 Maces & Flails
 + Level 3.7 Armour
 + Level 2.2 Dodging
 - Level 2.7 Shields


You had 4 spell levels left.
You didn't know any spells.
Your spell library contained the following spells:

 Spells                   Type           Power      Damage    Failure   Level
 Sandblast                Erth           0%         2d4       45%         1
 Inner Flame              Hex/Fire       0%         N/A       83%         3
 Passwall                 Erth           0%         N/A       83%         3
 Stone Arrow              Conj/Erth      0%         3d7       83%         3
 Irradiate                Conj/Alch      0%         3d11      100%        5
 Ignition                 Fire           0%         3d3       100%        8


Dungeon Overview and Level Annotations

Branches:
Dungeon (5/15)
 Temple: D:4-7

Altars:

Shops:
D:4 :*


Innate Abilities, Weirdness & Mutations

You are a tree.
Your roots penetrate the ground, keeping you stationary.
You cannot be teleported.
You are immune to unholy pain and torment.
Your maximum health is greatly increased.
Your equipment is partially melded.
((You are mostly covered in razor-sharp scales. (AC +2, Slay +2)))


Message History

Something tries to affect you, but you resist.
You escape the ball python's grasp.
Something hits you.
An orc priest opens the door.
The ogre attacks as it pursues you! The ogre closely misses you.
The ogre attacks as it pursues you! The ogre closely misses you.
A kobold opens the door.
You hear some strange, mumbled words.
A magic dart appears from out of thin air!
The magic dart hits you!
* * * LOW HITPOINT WARNING * * *
The orc priest mumbles some strange prayers to Beogh against you.
Beogh smites you!
* * * LOW HITPOINT WARNING * * *
A kobold opens the door.
There is a stone staircase leading down here.
Something hits you but does no damage.
You climb downwards.
Reactivating autopickup.
The adder hisses angrily.
Found a pair of gloves.
There is a stone staircase leading up here.
Unknown command.
It was a potion of lignification.
You turn into a tree.
Your +0 helmet melds into your body.
Your +0 pair of gloves melds into your body.
Your +0 scale mail melds into your body.
Your roots penetrate the ground.
Something hits you but does no damage.
Deactivating autopickup; reactivate with Ctrl-A.
It was a potion of degeneration.
There was something very wrong with that liquid.
You feel weakened.
You feel dopey.
You feel clumsy. Something hits you but does no damage.
Throw: 6 javelins
Press: ? - help, Q - select action, (/) - cycle Shift-Dir - straight line, f - adder
Aim: an adder (29% to hit)
You throw a javelin. The javelin barely misses the adder.
You hear some strange, mumbled words.
A puff of flame appears from out of thin air!
The puff of flame hits you.
You die...

.######
......{###
#.♣S#
###..#
#...#
##.(# ...
.. .


You could see an adder.

Vanquished Creatures
  An orc priest (D:4)
  Natasha (thrice) (D:3)
  An orc wizard (D:2)
  3 adders
  2 ribbon worms (D:2)
  2 dart slugs
  6 orcs (D:3)
  7 endoplasms
  3 giant cockroaches
  3 goblins
  6 hobgoblins
  7 jackals
  4 quokkas
  6 ball pythons
  5 bats
  6 frilled lizards
  6 kobolds
  3 rats
74 creatures vanquished.

Notes
Turn   | Place    | Note
-------+----------+-------------------------------------------
     0 | D:1      | dialectric the Demonspawn Fighter began the quest for the
                  | Orb.
     0 | D:1      | Reached XP level 1. HP: 18/18 MP: 1/1
   194 | D:1      | Gained mutation: You are partially covered in razor-sharp
                  | scales. (AC +1, Slay +1) [demonic ancestry]
   194 | D:1      | Reached XP level 2. HP: 24/24 MP: 2/2
  1142 | D:2      | Gained mutation: You are mostly covered in razor-sharp
                  | scales. (AC +2, Slay +2) [demonic ancestry]
  1142 | D:2      | Reached XP level 3. HP: 14/29 MP: 3/3
  1319 | D:2      | Reached skill level 1 in Dodging
  1773 | D:3      | Noticed Natasha
  1780 | D:3      | Killed Natasha
  1781 | D:3      | Reached XP level 4. HP: 34/35 MP: 4/4
  1866 | D:3      | Found a faded altar of an unknown god.
  1927 | D:3      | Noticed Natasha
  1940 | D:3      | Killed Natasha
  2138 | D:2      | Reached XP level 5. HP: 37/42 MP: 5/5
  2273 | D:3      | Noticed Natasha
  2276 | D:3      | Killed Natasha
  2277 | D:3      | Reached skill level 4 in Fighting
  2770 | D:4      | Found Pyruow's General Store.
  2773 | D:4      | Noticed an ogre
  2777 | D:4      | Found Domekaw's Book Emporium.
  2784 | D:4      | HP: 2/42 [orc priest/divine providence (10)]
  2787 | D:5      | Entered Level 5 of the Dungeon
  2790 | D:5      | Killed from afar by an orc wizard

Illustrated notes

Levels and vault maps discovered:
D:1:      psy_arrival_radial02, layout_basic
D:2:      layout_loops_ring, minivault_14, minmay_tiny_reverse_x
D:3:      minmay_angry_zag, layout_basic,
          hellmonk_ecumenical_altar_pennies_from_heaven, uniq_natasha
D:4:      layout_rooms, yredelemnul_altar_generic, mainiacjoe_overflow_alcove_2,
          nicolae_tso_swordbearing_angel, serial_shops, nicolae_shop_trees,
          nicolae_shop_tiny_real_fake_doors, shop_fountains,
          nicolae_shop_pleasant_corner_grove, nicolae_shop_trees,
          hangedman_decor_push
D:5:      layout_rooms

Skill      XL: |  1  2  3  4  5 |
---------------+----------------+-----
Maces & Flails | 2 3 |  3.2
Armour         | 3 |  3.7
Dodging        | 1 2 |  2.2
Fighting       | 4 |  4.2
Shields        | |  2.7

Action                     |  1- 3 |  4- 6 || total
---------------------------+-------+-------++-------
  Melee: Flail             |   124 |   119 ||   243
  Throw: Javelin           |       |     4 ||     4
    Use: Potion            |       |     2 ||     2
 Armour: Scale mail        |   101 |   147 ||   248
         Skin              |       |    10 ||    10
  Dodge: Dodged            |    74 |    85 ||   159

Table legend: (Time is in decaauts)
 A = Elapsed time spent in this place.
 B = Non-inter-level travel time spent in this place.
 C = Inter-level travel time spent in this place.
 D = Time resting spent in this place.
 E = Time spent auto-exploring this place.
 F = Levels seen in this place.
 G = Mean time per level.
                   A        B        C        D        E       F      G
               +--------+--------+--------+--------+--------+-----+--------+
         Total |   2869 |   2751 |    118 |    135 |   1917 |   5 |  573.8 |
       Dungeon |   2869 |   2751 |    118 |    135 |   1917 |   5 |  573.8 |
               +--------+--------+--------+--------+--------+-----+--------+

Top non-repeatable levels by time:
     D:1: 1057 daAuts
     D:3: 969 daAuts
     D:2: 775 daAuts
     D:4: 65 daAuts
     D:5: 2 daAuts
